 Dungeon Crawl Stone Soup version 0.28.0-47-ge53b351184 (webtiles) character file.

Game seed: 10347235922475693759

12105 Faeu the Severer (level 11, -3/81 HPs)
             Began as a Minotaur Fighter on May 10, 2022.
             Was a Believer of Hepliaklqana.
             Slain by an orc warrior
             ... wielding a +5 halberd of protection
             ... led by an orc warlord
              (20 damage)
             ... on level 1 of the Orcish Mines.
             The game lasted 00:42:17 (13359 turns).

Faeu the Severer (Minotaur Fighter)                Turns: 13359, Time: 00:42:17

Health: -3/81      AC: 13    Str: 26    XL:     11   Next: 58%
Magic:  10/10      EV:  7    Int:  5    God:    Hepliaklqana [**....]
Gold:   1027       SH:  0    Dex:  9    Spells: 10/10 levels left

rFire   + . .      SeeInvis .   k - +8 frozen axe "Frostbite" {freezing cloud, *Noise Fly rC+}
rCold   + . .      Faith    .   (shield currently unavailable)
rNeg    . . .      Spirit   .   y - +0 plate armour
rPois   .          Reflect  .   (helmet restricted)
rElec   .          Harm     .   (no cloak)
rCorr   .          Rampage  .   (no gloves)
Will    .....                   (no boots)
Stlth   ..........              (no amulet)
HPRegen 0.23/turn               e - +4 ring of slaying
MPRegen 0.12/turn               n - ring of protection from fire

@: flying
A: reduced essence, horns 2, retaliatory headbutt
a: Renounce Religion, Recall Ancestor, Ancestor Identity


You were on level 1 of the Orcish Mines.
You worshipped Hepliaklqana.
Hepliaklqana was pleased with you.
You visited 3 branches of the dungeon, and saw 14 of its levels.

You collected 1027 gold pieces.


Innate Abilities, Weirdness & Mutations

Your life essence is reduced to manifest your ancestor. (-10% HP)
You have a pair of horns on your head.
You reflexively headbutt those who attack you in melee.


   Skills:
 - Level 6.9 Fighting
 + Level 19.2 Axes
 - Level 6.9 Armour
 - Level 6.9 Shields


You had 10 spell levels left.
You didn't know any spells.
Your spell library contained the following spells:

 Spells                   Type           Power      Damage    Failure   Level
 Sandblast                Erth           0%         2d4       99%         1
 Corpse Rot               Necr/Air       0%         N/A       100%        2
 Ensorcelled Hibernation  Hex/Ice        0%         N/A       100%        2
 Passwall                 Tmut/Erth      0%         N/A       100%        2
 Scorch                   Fire           0%         2d5       100%        2
 Spider Form              Tmut/Pois      0%         N/A       100%        3
 Stone Arrow              Conj/Erth      0%         3d7       100%        3
 Swiftness                Air            0%         N/A       100%        3
 Anguish                  Hex/Necr       0%         N/A       100%        4
 Dispel Undead            Necr           0%         3d6       100%        4
 Flame Wave               Conj/Fire      0%         2d4       100%        4
 Leda's Liquefaction      Hex/Erth       0%         N/A       100%        4
 Lee's Rapid Deconstruct  Erth           0%         3d5*      100%        5
 Death Channel            Necr           0%         N/A       100%        6
 Statue Form              Tmut/Erth      0%         N/A       100%        6
 Summon Cactus Giant      Summ           0%         N/A       100%        6

Inventory:

Hand Weapons
 a - a +0 war axe {axe}
 f - a +1 short sword of draining {short}
   (You took it off a kobold on level 1 of the Dungeon)
 k - the +8 frozen axe "Frostbite" (weapon) {freezing cloud, *Noise Fly rC+}
   (You found it on level 6 of the Dungeon)

   It freezes those it strikes, dealing additional cold damage.
   It can also slow down cold-blooded creatures.
   It occasionally leaves clouds of freezing vapour upon striking a foe.
   It grants immunity to clouds of freezing vapour.
   rC:        It protects you from cold.
   Fly:       It grants you flight.
   *Noise:    It may make noises in combat.
 F - a +2 battleaxe of freezing {axe}
   (You took it off a wight on level 8 of the Dungeon)
 G - a +3 battleaxe {axe}
   (You took it off a wight on level 8 of the Dungeon)
 J - a +4 dire flail of protection {mace}
   (You took it off a two-headed ogre on level 10 of the Dungeon)
 L - a +2 war axe of flaming {axe}
   (You found it on level 10 of the Dungeon)
 N - the +6 flail of the Past {flame, Will++, mace}
   (You found it on level 11 of the Dungeon)

   It burns those it strikes, dealing additional fire damage.
   Will:      It greatly increases your willpower.
 O - the +3 hand axe "Feurozor" {elec, Str+2, axe}
   (You found it on level 11 of the Dungeon)

   It occasionally discharges a powerful burst of electricity upon striking a
   foe.
   Str:       It affects your strength (+2).
Missiles
 D - 20 poisoned darts (quivered) {throwing}
Armour
 b - a +0 scale mail
 c - a +0 buckler
 m - the +2 robe "Zouk" {Int+3 Slay+3 Stlth+}
   (You found it on level 3 of the Dungeon)

   Int:       It affects your intelligence (+3).
   Slay:      It affects your accuracy & damage with ranged weapons and melee
   (+3).
   Stlth:     It makes you more stealthy.
 y - a +0 plate armour (worn)
   (You found it on level 4 of the Dungeon)
 P - a +2 robe of cold resistance
   (You took it off an orc sorcerer on level 2 of the Orcish Mines)
Jewellery
 e - a +4 ring of slaying (left hand)
   (You found it on level 1 of the Dungeon)
 n - a ring of protection from fire (right hand)
   (You found it on level 3 of the Dungeon)
 s - a ring of wizardry
   (You found it on level 5 of the Dungeon)
Wands
 B - a wand of paralysis (13)
   (You took it off a gnoll shaman on level 7 of the Dungeon)
 I - a wand of polymorph (6)
   (You found it on level 9 of the Dungeon)
Scrolls
 g - 5 scrolls of noise {!r}
 i - 7 scrolls of teleportation {@r4}
 j - 3 scrolls of fog {unknown}
 l - 4 scrolls of enchant weapon {unknown}
 q - 4 scrolls of immolation {unknown}
 r - 2 scrolls of enchant armour {unknown}
 t - a scroll of holy word {unknown}
 x - 4 scrolls of identify {unknown}
 z - 2 scrolls of vulnerability {unknown}
 C - a scroll of magic mapping {unknown}
 H - 2 scrolls of amnesia {unknown}
Potions
 d - 3 potions of might
 h - a potion of attraction {unknown}
 o - a potion of mutation {unknown}
 p - 3 potions of degeneration {unknown}
 u - a potion of berserk rage {unknown}
 v - a potion of curing {@q1}
 w - a potion of haste {unknown}
 A - 2 potions of flight {unknown}
 E - a potion of invisibility {unknown}
 K - a potion of lignification {unknown}
 M - 3 potions of brilliance {unknown}

Dungeon Overview and Level Annotations

Branches:
Dungeon (11/15)            Temple (1/1) D:4            Lair (0/6) D:10
    Orc (2/2) D:11
    Elf: Orc:2

Altars:
Ashenzari
Cheibriados
Dithmenos
Elyvilon
Fedhas
Gozag
Hepliaklqana
Kikubaaqudgha
Makhleb
Nemelex Xobeh
Okawaru
Qazlal
Ru
Sif Muna
Trog
Uskayaw
Vehumet
Wu Jian
Xom
Yredelemnul
Zin
The Shining One
Beogh

Annotations:
D:3 2 transporters
D:6 3 runed translucent doors, Allula97's ghost, novice DsMo
D:7 1 runed translucent door
D:9 3 runed translucent doors, mistmaker's ghost, novice TeAE

...#.# o...O.
o..o.o###
.....oo.###
...ooo.o..###
$.....oo....#..
....o.oh......$
.....oo@....o#
##.........o..#
##.......o....
##.........o.
#...........
##.##..##.## ##
### ##


You could see an orc warlord, a warg, 6 orc warriors, an ogre, an orc priest
(strong), an orc wizard (strong) and 11 orcs.


Message History

You open the orc sorcerer like a pillowcase!!!
You kill the orc sorcerer!
Your Axes skill increases to level 19!
You carve the troll like a ham!!! You freeze the troll.
You kill the troll!
The troll leather armour is intact enough to wear. 😕 HP[+1]
Things that are here:
a +0 troll leather armour; a troll corpse
P - a +2 robe of cold resistance You now have 1002 gold pieces (gained 32).
Things that are here:
a +0 dagger {short}; an orc corpse 😕 HP[+1]
What are your orders? t - Shout!
Orders for allies: a - Attack new target. r - Retreat! s - Stop attacking. g - Guard the area. f - Follow me.
Anything else - Cancel.
You shout for attention! 😕 HP[+1] 😕 HP[+1] 😕 HP[+1]
You swap places. 😕 HP[+1] 😕 HP[+1] 😕 HP[+1] 😎 HP[+1]
You now have 1027 gold pieces (gained 25).
An orc knight, an orc warrior and an orc priest come into view.
The orc knight shouts!
The orc warrior shouts!
The orc priest shouts!
You hear a shout! x8
The orc priest invokes the aid of Beogh against you.
Beogh smites you! 😕 HP[-14]
You take 14 damage, and now have 67/81 hp.
You swap places. 😕 HP[+1]
You swap places.
The orc warrior barely misses you.
You slash the orc warrior! You freeze the orc warrior.
Your headbutt misses the orc warrior.
Akhenaten points at the orc warrior and mumbles some strange words.
The orc warrior resists with some effort.
The orc priest looks encouraged for a moment.
The orc warrior hits you with a +0 dire flail! 😮 HP[-14]
You take 14 damage, and now have 54/81 hp.
You slice the orc warrior!! You freeze the orc warrior!
You kill the orc warrior!
You open the orc knight like a pillowcase!!!
You freeze the orc knight!
You hear a shout! x7; You hear a howl!
You hear a shout! x2
The orc knight hits you with a +0 long sword! 😮 HP[-9]
You take 9 damage, and now have 45/81 hp.
You barely miss the orc knight.
The orc knight hits you with a +0 long sword!!
* * * LOW HITPOINT WARNING * * *
😨 HP[-19]
You take 19 damage, and now have 26/81 hp.
MASSIVE DAMAGE!! (PAUSE)
You closely miss the orc knight.
The orc knight hits you with a +0 long sword!
* * * LOW HITPOINT WARNING * * *
😱 HP[-12]
You take 12 damage, and now have 14/81 hp.
You swap places.
Akhenaten barely misses the orc knight.
The orc knight barely misses Akhenaten.
Akhenaten hits the orc knight with a +0 dagger of draining.
The orc knight roars a battlecry!
The orc priest goes into a battle-frenzy! 😱 HP[+1]
An orc high priest comes into view. It is wielding a +0 flail.
Akhenaten hits the orc knight but does no damage.
Akhenaten drains the orc knight.
The orc knight hits Akhenaten with a +0 long sword!
An orc warrior comes into view. It is wielding a +0 long sword.
Akhenaten gestures at the orc knight while chanting.
The orc knight easily resists.
The orc knight hits Akhenaten with a +0 long sword!!
Akhenaten is destroyed!
An orc warrior comes into view. It is wielding a +0 trident. 😱 HP[+1]
There is a stone staircase leading up here.
You fly upwards.
The orc warlord shouts!
The orc shouts! x2; The ogre shouts!
The orc shouts! x2
The orc warrior shouts! x2; The orc priest shouts!
The orc shouts!
The orc warrior shouts!
The orc shouts! x3
An orc comes into view. It is wielding a +0 club. x2
The orc warlord roars a battlecry!
The orcs go into a battle-frenzy!
The orc shouts!
You hear a shout!
There is a stone staircase leading down here.
There are monsters nearby!
The orc shouts!
The warg barely misses you. You furiously retaliate!
You headbutt the warg, but do no damage.
The orc warrior hits you from afar with a +5 halberd of protection!!
You die...

Skill      XL: |  1  2  3  4  5  6  7  8  9 10 11 |
---------------+----------------------------------+-----
Fighting       | 4 5 6 |  6.9
Armour         | 4 5 6 |  6.9
Shields        | 4 5 6 |  6.9
Axes           | 3 4 5 6 10 13 17 19 | 19.2

Action                   |  1- 3 |  4- 6 |  7- 9 | 10-12 || total
-------------------------+-------+-------+-------+-------++-------
Melee: War axe           |    77 |   104 |    43 |       ||   224
       Headbutt          |     7 |    23 |    13 |    35 ||    78
       Executioner's axe |       |       |    94 |    35 ||   129
       Battleaxe         |       |       |     8 |   137 ||   145
Throw: Dart              |       |       |       |     2 ||     2
Invok: Ancestor Life: He |       |       |       |     1 ||     1
Evoke: Wand              |       |       |       |     1 ||     1
  Use: Potion            |       |     2 |       |     1 ||     3
       Scroll            |       |       |       |     2 ||     2
 Stab: Paralysed         |       |       |       |     1 ||     1
Armor: Scale mail        |    29 |    56 |    17 |       ||   102
       Plate armour      |       |       |    55 |    88 ||   143
Dodge: Dodged            |    38 |    37 |    62 |    43 ||   180
Block: Buckler           |    22 |    29 |    13 |       ||    64

Levels and vault maps discovered:
D:1:      mrwooster_arrival_statue_3, layout_basic,
          nicolae_ecumenical_snake_handling
D:2:      layout_loops_corners
D:3:      layout_rooms, gammafunk_temple_overflow_arena, uniq_terence
D:4:      layout_basic, minmay_temple_entry_antechambers, st_stairs_3
D:5:      layout_basic, kennysheep_little_box, uniq_duvessa
D:6:      layout_basic, mainiacjoe_overflow_chevrons, gammafunk_ghost_split,
          uniq_eustachio
D:7:      cheibrodos_shockbox, layout_cave_pools,
          mainiacjoe_overflow_small_starburst, okawaru_altar_gauntlet_db,
          mainiacjoe_overflow_catwalk_spiral
D:8:      layout_basic, uniq_pikel, uniq_joseph
D:9:      layout_cross, fedhas_altar_4, nicolae_vehumet_altar_sigil,
          gammafunk_ghost_icy, minmay_misc_feat_tiny
D:10:     layout_cave_pools, lair_entry_dummy
D:11:     layout_stronghold, erik_orc_3, minmay_misc_feat_room
Temple:   minmay_freezing_vapour_temple
Orc:1:    nicolae_orc_accident_3, layout_caves,
          gammafunk_ghost_wrathful_warriors
Orc:2:    grunt_orc_cross, layout_caves, basic_altar

Notes
Turn   | Place    | Note
-------+----------+-------------------------------------------
     0 | D:1      | Faeu the Minotaur Fighter began the quest for the Orb.
     0 | D:1      | Reached XP level 1. HP: 19/19 MP: 0/0
     0 | D:1      | magus.rc [v1.9.6]
   142 | D:1      | Found a faded altar of an unknown god.
   253 | D:1      | Reached XP level 2. HP: 27/27 MP: 1/1
   553 | D:1      | Reached skill level 4 in Fighting
   556 | D:1      | Reached skill level 4 in Armour
   556 | D:1      | Reached skill level 4 in Shields
   818 | D:1      | Reached skill level 3 in Axes
   824 | D:1      | Reached XP level 3. HP: 30/32 MP: 2/2
  1253 | D:2      | You pick up a book of Decay and begin reading...
  1253 | D:2      | You add the spells Corpse Rot, Dispel Undead and Death
                  | Channel to your library.
  1902 | D:3      | Reached XP level 4. HP: 41/41 MP: 3/3
  1954 | D:3      | Found a transporter.
  1955 | D:3      | Noticed a bullfrog
  1956 | D:3      | Noticed a water moccasin
  1957 | D:3      | Found a transporter.
  1965 | D:3      | Found a glowing golden altar of the Shining One.
  1965 | D:3      | Found an ornate altar of the Wu Jian Council.
  1965 | D:3      | Found a snail-covered altar of Cheibriados.
  2013 | D:3      | You pick up a book of Dreams and begin reading...
  2013 | D:3      | You add the spells Ensorcelled Hibernation, Spider Form and
                  | Anguish to your library.
  2018 | D:3      | Identified the +2 robe "Zouk" {Int+3 Slay+3 Stlth+}
  2076 | D:3      | Noticed Terence
  2084 | D:3      | Killed Terence
  2507 | D:4      | Noticed a phantom
  2520 | D:4      | Killed a phantom
  2521 | D:4      | Reached skill level 4 in Axes
  2521 | D:4      | Reached XP level 5. HP: 28/47 MP: 4/4
  2525 | D:4      | HP: 9/47 [iguana (9)]
  2527 | D:4      | HP: 3/47 [iguana (6)]
  2838 | D:4      | Reached skill level 5 in Fighting
  3036 | D:4      | Found a staircase to the Ecumenical Temple.
  3159 | D:4      | Reached skill level 5 in Armour
  3324 | D:5      | Entered Level 5 of the Dungeon
  3354 | D:5      | Reached skill level 5 in Shields
  3359 | D:5      | Reached XP level 6. HP: 31/56 MP: 5/5
  3502 | D:5      | Noticed a sky beast
  3515 | D:5      | HP: 10/56 [something (5)]
  3516 | D:5      | HP: 2/56 [something (6)]
  3573 | D:5      | HP: 11/56 [sky beast (1)]
  3573 | D:5      | HP: 5/56 [sky beast (6)]
  3894 | D:5      | Killed a sky beast
  3935 | D:5      | HP: 12/56 [scorpion (4)]
  4147 | D:5      | Reached skill level 5 in Axes
  4223 | D:5      | Noticed a sky beast
  4265 | D:6      | Reached XP level 7. HP: 60/62 MP: 6/6
  4307 | D:6      | Found the +8 frozen axe "Frostbite" {freezing cloud, *Noise
                  | Fly rC+}
  4320 | D:6      | Reached skill level 6 in Fighting
  4320 | D:6      | Reached skill level 6 in Armour
  4320 | D:6      | Reached skill level 6 in Shields
  4355 | D:6      | Noticed a wraith
  4391 | D:6      | Noticed a manticore
  4391 | D:6      | Noticed Allula97's ghost (novice DsMo)
  4392 | D:6      | Found a runed translucent gate.
  4392 | D:6      | Found a runed translucent gate.
  4393 | D:6      | Found a runed translucent gate.
  4474 | D:6      | magus.rc [v1.9.6]
  4766 | D:6      | Noticed Eustachio
  4774 | D:6      | Killed Eustachio
  4817 | D:6      | Reached skill level 6 in Axes
  4817 | D:6      | Reached XP level 8. HP: 67/71 MP: 7/7
  4869 | D:6      | Found a glowing silver altar of Zin.
  4972 | D:5      | Noticed Duvessa
  4972 | D:5      | Noticed Dowan
  5372 | D:5      | Killed Duvessa
  5373 | D:5      | Reached skill level 7 in Axes
  5380 | D:5      | Killed Dowan
  5562 | D:5      | Reached skill level 8 in Axes
  5680 | Temple   | Entered the Ecumenical Temple
  5805 | D:5      | Found a shimmering blue altar of Sif Muna.
  5951 | D:5      | Reached skill level 9 in Axes
  6203 | D:7      | Found an ancient bone altar of Kikubaaqudgha.
  6276 | D:7      | Reached skill level 10 in Axes
  6276 | D:7      | Reached XP level 9. HP: 65/78 MP: 8/8
  6293 | D:7      | Found a hazy altar of Hepliaklqana.
  6425 | D:7      | Found a broken altar of Ashenzari.
  6437 | D:7      | You pick up a book of Geomancy and begin reading...
  6437 | D:7      | You add the spells Sandblast, Passwall and Stone Arrow to
                  | your library.
  6462 | D:7      | Found a runed translucent door.
  6463 | D:7      | Noticed a sixfirhy
  6570 | D:7      | Found an iron altar of Okawaru.
  6712 | D:8      | Reached skill level 11 in Axes
  6843 | D:8      | Noticed Joseph
  6844 | D:8      | Aim: Joseph, wielding a +0 hunting sling, wearing a +0
                  | leather armour and quivering sling bullets (about 32% to
                  | evade the +8 frozen axe "Frostbite")
  6844 | D:8      | Aim: Joseph, wielding a +0 hunting sling, wearing a +0
                  | leather armour and quivering sling bullets (about 32% to
                  | evade the +8 frozen axe "Frostbite")
  6853 | D:8      | Killed Joseph
  6854 | D:8      | Reached skill level 12 in Axes
  7007 | D:8      | Noticed Pikel
  7008 | D:8      | Aim: Pikel, wielding a +1 whip of electrocution and wearing
                  | a +0 robe (about 37% to evade the +8 frozen axe
                  | "Frostbite")
  7008 | D:8      | Aim: Pikel, wielding a +1 whip of electrocution and wearing
                  | a +0 robe (about 37% to evade the +8 frozen axe
                  | "Frostbite")
  7008 | D:8      | Aim: Pikel, wielding a +1 whip of electrocution and wearing
                  | a +0 robe (about 37% to evade the +8 frozen axe
                  | "Frostbite")
  7032 | D:8      | Killed Pikel
  7033 | D:8      | Reached skill level 13 in Axes
  7114 | D:7      | Became a worshipper of Hepliaklqana the Forgotten
  7655 | D:8      | Reached XP level 10. HP: 84/84 MP: 9/9
  7846 | D:8      | You pick up a book of Dreams and begin reading...
  7919 | D:8      | You pick up a book of Burglary and begin reading...
  7999 | D:9      | Reached skill level 14 in Axes
  8094 | D:9      | HP: 10/84 [orc warrior/+0 halberd (15)]
  8727 | D:9      | Noticed mistmaker's ghost (novice TeAE)
  8806 | D:9      | Reached skill level 15 in Axes
  9008 | D:9      | Found a runed translucent gate.
  9008 | D:9      | Found a runed translucent gate.
  9008 | D:9      | Found a runed translucent gate.
  9042 | D:9      | Found a radiant altar of Vehumet.
  9308 | D:9      | Found a blossoming altar of Fedhas.
  9451 | D:10     | Entered Level 10 of the Dungeon
  9779 | D:10     | Found a staircase to the Lair.
  9787 | D:10     | Reached skill level 16 in Axes
  9787 | D:10     | Noticed a two-headed ogre
  9834 | D:10     | Killed a two-headed ogre
  9945 | D:10     | Reached * piety under Hepliaklqana
  9992 | D:10     | Reached skill level 17 in Axes
 10064 | D:9      | Reached XP level 11. HP: 26/81 MP: 10/10
 10484 | D:10     | You pick up a book of Scorching and begin reading...
 10484 | D:10     | You add the spells Scorch, Flame Wave and Summon Cactus
                  | Giant to your library.
 10597 | D:10     | You pick up a book of the Earth and begin reading...
 10597 | D:10     | You add the spells Leda's Liquefaction, Lee's Rapid
                  | Deconstruction and Statue Form to your library.
 11116 | D:11     | Reached ** piety under Hepliaklqana
 11117 | D:11     | Remembered your ancestor Akhenaten as a hexer
 11119 | D:11     | Identified the +6 flail of the Past {flame, Will++}
 11131 | D:11     | Identified the +3 hand axe "Feurozor" {elec, Str+2}
 11257 | D:11     | Found a staircase to the Orcish Mines.
 11405 | D:11     | Reached skill level 18 in Axes
 11893 | Orc:1    | Entered Level 1 of the Orcish Mines
 11916 | Orc:1    | Noticed an orc sorcerer
 11932 | Orc:1    | Killed an orc sorcerer
 12739 | Orc:2    | Entered Level 2 of the Orcish Mines
 12764 | Orc:2    | Noticed an orc knight
 12882 | Orc:1    | Killed an orc knight
 13262 | Orc:2    | Noticed an orc sorcerer
 13272 | Orc:2    | Killed an orc sorcerer
 13273 | Orc:2    | Reached skill level 19 in Axes
 13340 | Orc:2    | Noticed an orc knight
 13349 | Orc:2    | HP: 14/81 [orc knight/+0 long sword (12)]
 13352 | Orc:2    | Noticed an orc high priest
 13358 | Orc:1    | Noticed an orc warlord
 13359 | Orc:1    | Slain by an orc warrior

Vanquished Creatures
  A two-headed ogre (D:10)
  Pikel (D:8)
  2 orc sorcerers
  Joseph (D:8)
  A gargoyle (D:10)
  4 trolls
  A wraith (D:11)
  3 shadows
  12 yaks
  A vampire (D:10)
  Eustachio (D:6)
  A warg (Orc:2)
  3 water moccasins
  Duvessa (D:5)
  3 sky beasts
  10 orc warriors
  3 black bears
  A necrophage (D:6)
  3 ogres
  2 centaurs (D:7)
  2 lemures (D:8)
  2 phantoms
  2 kobold brigands (D:8)
  A gnoll sergeant (D:10)
  4 bullfrogs
  2 scorpions (D:5)
  Dowan (D:5)
  4 killer bees (D:8)
  8 wights (D:8)
  3 howler monkeys (D:10)
  A centaur zombie (D:7)
  A bullfrog zombie (D:5)
  2 gnoll shamans
  10 orc priests
  A hound (D:5)
  Terence (D:3)
  6 iguanas
  8 orc wizards
  A hound skeleton (D:4)
  15 gnolls
  4 adders
  A white imp (D:6)
  A worm (D:3)
  36 orcs
  10 endoplasms
  5 giant cockroaches
  9 goblins
  9 hobgoblins
  2 jackals (D:2)
  12 kobolds
  A quokka (D:3)
  9 ball pythons
  4 bats
  3 frilled lizards
  4 rats
240 creatures vanquished.

Vanquished Creatures (collateral kills)
  An orc knight (Orc:1)
  A centaur zombie (D:11)
  A gargoyle (D:11)
  A yak (D:10)
  An orc wizard (Orc:1)
  3 orcs
8 creatures vanquished.

Vanquished Creatures (others)
  An ancestor (D:10)
  A hexer (Orc:2)
2 creatures vanquished.

Grand Total: 250 creatures vanquished

Table legend:
 A = Non-vault XP
 B = Vault XP
 C = Vault XP percentage of total XP
 D = Non-vault monster count
 E = Vault monster count
 F = Vault count percentage of total count
                 A         B        C        D         E       F
            +---------+---------+-------+---------+---------+-------
      Total |   14918 |    2376 |  13.7 |     209 |      37 |  15.0
            +---------+---------+-------+---------+---------+-------
        D:1 |      43 |       2 |   4.4 |      25 |       2 |   7.4
        D:2 |      32 |       0 |   0.0 |      12 |       0 |   0.0
        D:3 |      41 |      36 |  46.8 |      14 |       1 |   6.7
        D:4 |      63 |     110 |  63.6 |       8 |       3 |  27.3
        D:5 |     865 |     211 |  19.6 |      18 |       2 |  10.0
        D:6 |     825 |     188 |  18.6 |      14 |       1 |   6.7
        D:7 |     881 |      40 |   4.3 |      11 |       6 |  35.3
        D:8 |    1399 |    1127 |  44.6 |      36 |       2 |   5.3
        D:9 |    2529 |       0 |   0.0 |      26 |       0 |   0.0
       D:10 |    3500 |       0 |   0.0 |      18 |       0 |   0.0
       D:11 |    1087 |     385 |  26.2 |       3 |      13 |  81.2
      Orc:1 |    1990 |     148 |   6.9 |      14 |       6 |  30.0
      Orc:2 |    1663 |     129 |   7.2 |      10 |       1 |   9.1
            +---------+---------+-------+---------+---------+-------

Illustrated notes

Table legend:
 A = Kills in this place as a percentage of kills in entire the game.
 B = Kills by you in this place as a percentage of kills by you in the entire game.
 C = Kills by friends in this place as a percentage of kills by friends in the entire game.
 D = Other kills in this place as a percentage of other kills in the entire game.
 E = Experience gained in this place as a percentage of experience gained in the entire game.
 F = Experience gained in this place divided by the number of levels of this place that you have seen.
                   A       B       C       D       E      F
               +-------+-------+-------+-------+-------+----------------------
         Total | 100.0 | 100.0 | 100.0 | 100.0 | 100.0 | 1235.3
       Dungeon |  87.4 |  88.6 |  62.5 |   0.0 |  77.3 | 1214.9
  Orcish Mines |  12.6 |  11.4 |  37.5 | 100.0 |  22.7 | 1965.0
               +-------+-------+-------+-------+-------+----------------------

Table legend: (Time is in decaauts)
 A = Elapsed time spent in this place.
 B = Non-inter-level travel time spent in this place.
 C = Inter-level travel time spent in this place.
 D = Time resting spent in this place.
 E = Time spent auto-exploring this place.
 F = Levels seen in this place.
 G = Mean time per level.
                   A        B        C        D        E       F      G
               +--------+--------+--------+--------+--------+-----+--------+
         Total |  13465 |  13013 |    452 |   2163 |   7076 |  14 |  961.8 |
       Dungeon |  11974 |  11523 |    451 |   1541 |   6774 |  11 | 1088.5 |
        Temple |     25 |     25 |      0 |      0 |     17 |   1 |   25.0 |
  Orcish Mines |   1465 |   1465 |      0 |    622 |    285 |   2 |  732.5 |
               +--------+--------+--------+--------+--------+-----+--------+

Top non-repeatable levels by time:
     D:8: 1774 daAuts
     D:9: 1459 daAuts
     D:4: 1293 daAuts
     D:6: 1206 daAuts
   Orc:1: 1201 daAuts
     D:5: 1163 daAuts
    D:11: 1099 daAuts
     D:1: 1013 daAuts
     D:2: 879 daAuts
    D:10: 808 daAuts
     D:7: 670 daAuts
     D:3: 605 daAuts
   Orc:2: 264 daAuts
  Temple: 25 daAuts
